 Dungeon Crawl Stone Soup version 0.31-a0-564-g3b7de120b3 (webtiles) character file.

Game seed: 2334874293684008525

27 javelincjr the Trooper (level 2, -7/24 HPs)
             Began as a Demonspawn Fighter on Aug 17, 2023.
             Killed from afar by Natasha (8 damage)
             ... with a magic dart
             ... on level 2 of the Dungeon.
             The game lasted 00:01:30 (1029 turns).

javelincjr the Trooper (Demonspawn Fighter)         Turns: 1029, Time: 00:01:31

Health: -7/24      AC:  6    Str: 16    XL:     2   Next: 93%
Magic:  2/2        EV:  8    Int:  9    God:
Gold:   89         SH:  4    Dex: 12    Spells: 1/1 levels left

rFire   x . .        m - +1 trident (heavy)
rCold   + . .        c - +0 buckler
rNeg    . . .        b - +0 scale mail
rPois   .            (helmet restricted)
rElec   .            (no cloak)
rCorr   .            (no gloves)
SInv    .            (no boots)
Will    .....        (no amulet) Stlth
                     k - ring of ice
HPRegen 0.24/turn    (no ring)
MPRegen 0.08/turn

%: no passive effects
@: slowed, very slow
A: antennae 1
a: no special abilities


You were on level 2 of the Dungeon.
You visited 1 branch of the dungeon, and saw 2 of its levels.

You collected 89 gold pieces.

Inventory:

Hand Weapons
 a - a +0 trident
 f - a +0 dagger of protection
 m - a +1 heavy trident (weapon)
Armour
 b - a +0 scale mail (worn)
 c - a +0 buckler (worn)
Jewellery
 k - a ring of ice (left hand)
Scrolls
 g - a scroll of fear {unknown}
 j - a scroll of enchant weapon {unknown}
Potions
 d - a potion of might
 e - a potion of haste {unknown}
 h - a potion of invisibility {unknown}
 i - a potion of heal wounds {unknown}
 l - a potion of resistance {unknown}


   Skills:
 + Level 3.2 Fighting
 + Level 2.2 Polearms
 + Level 3.0 Armour
 + Level 3.0 Shields


You had one spell level left.
You didn't know any spells.
Your spell library was empty.

Dungeon Overview and Level Annotations

Branches:
Dungeon (2/15)

Altars:

Annotations:
D:2 Natasha


Innate Abilities, Weirdness & Mutations

You have a pair of small antennae on your head.


Message History

There is a stone staircase leading down here.
You climb downwards.
Natasha hisses angrily.
Found a runed malachite amulet.
There is a stone staircase leading up here.
There are monsters nearby!
You hit the rat.
You kill the rat!
Natasha mumbles some strange words.
You barely miss Natasha.
Natasha hisses.
Natasha stares at you and mumbles some strange words.
You feel yourself slow down. The cerulean imp closely misses you.
Natasha barely misses you.
You closely miss Natasha.
The cerulean imp hits you but does no damage.
Natasha casts a spell at you. The magic dart hits you.
The cerulean imp hits you from afar with a +0 spear.
Natasha claws you but does no damage.
The cerulean imp hits you but does no damage.
You block Natasha's attack.
You closely miss Natasha. You block the cerulean imp's attack.
Natasha claws you.
The cerulean imp hits you but does no damage.
You block Natasha's attack. The cerulean imp barely misses you.
You closely miss Natasha. Natasha closely misses you.
The cerulean imp hits you from afar with a +0 spear.
You block Natasha's attack. You block the cerulean imp's attack.
Natasha claws you.
* * * LOW HITPOINT WARNING * * *
You puncture Natasha!
Natasha is heavily wounded.
The cerulean imp hits you from afar with a +0 spear.
* * * LOW HITPOINT WARNING * * *
Natasha claws you but does no damage.
The cerulean imp hits you but does no damage.
Natasha stares at you and mumbles some strange words.
The magic dart hits you!
You die...

###
#..
#"#
#.#
#5#
#h#
#@#
#.#
#.#
#.#
#.#
#.#
#.#
#.#
#.#


You could see Natasha and a cerulean imp (summoned).

Vanquished Creatures
  3 ball pythons (D:1)
  2 bats (D:1)
  An endoplasm (D:1)
  2 giant cockroaches (D:1)
  5 goblins (D:1)
  3 jackals (D:1)
  A kobold (D:1)
  A quokka (D:1)
  4 rats
22 creatures vanquished.

Notes
Turn   | Place    | Note
-------+----------+-------------------------------------------
     0 | D:1      | javelincjr the Demonspawn Fighter began the quest for the
                  | Orb.
     0 | D:1      | Reached XP level 1. HP: 18/18 MP: 1/1
   188 | D:1      | Discovered your monstrous ancestry.
   188 | D:1      | Gained mutation: You have a pair of small antennae on your
                  | head. [demonic ancestry]
   188 | D:1      | Reached XP level 2. HP: 21/24 MP: 2/2
  1020 | D:2      | Noticed Natasha
  1029 | D:2      | HP: 1/24 [cerulean imp/+0 spear[Natasha] (4)]
  1029 | D:2      | Killed from afar by Natasha

Illustrated notes

Levels and vault maps discovered:
D:1:      dpeg_arrival_prison, layout_basic, minivault_5,
          grunt_decor_resistance, minmay_tripent
D:2:      layout_basic, basic_altar, uniq_natasha

Skill      XL: |  1  2 |
---------------+-------+-----
Polearms       | 2 |  2.2
Armour         | 3 |  3.0
Shields        | 3 |  3.0
Fighting       | |  3.2

Action                     || total
---------------------------++-------
  Melee: Trident           ||    40
         Dagger            ||    41
 Armour: Scale mail        ||    64
  Dodge: Dodged            ||    40
  Block: Buckler           ||    21

Table legend: (Time is in decaauts)
 A = Elapsed time spent in this place.
 B = Non-inter-level travel time spent in this place.
 C = Inter-level travel time spent in this place.
 D = Time resting spent in this place.
 E = Time spent auto-exploring this place.
 F = Levels seen in this place.
 G = Mean time per level.
                   A        B        C        D        E       F      G
               +--------+--------+--------+--------+--------+-----+--------+
         Total |   1043 |    989 |     54 |      0 |    820 |   2 |  521.5 |
       Dungeon |   1043 |    989 |     54 |      0 |    820 |   2 |  521.5 |
               +--------+--------+--------+--------+--------+-----+--------+

Top non-repeatable levels by time:
     D:1: 1027 daAuts
     D:2: 15 daAuts
